Map: Abyssal Reef LE

Players

LiquidElazer (Elazer) - Winner!

  • Race: Zerg Zerg
  • Spawn Location: 11:00

Jumy (ForJumy)

  • Race: Protoss Protoss
  • League: Grandmaster
  • Spawn Location: 5:00

Event: HomeStory Cup XXVI

VOD

Have the link to the VOD?

Description

Time

  • Played on: Nov. 30, 2024, 4 p.m.
  • Length: 6:55

All games in this series

Show
View Real Time Build Order
Export as new Build Order

LiquidElazer Zerg - Winner!

Build Orders: Hatch First 

Get SALT Encoding   

  12  0:00  Drone  
  13  0:07  Drone  
  14  0:14  Extractor  
  14  0:15  Drone  
  15  0:22  Overlord  
  15  0:41  Drone  
  16  0:46  Hatchery  
  16  0:49  Drone  
  16  0:53  Drone  
  17  0:57  Drone  
  18  1:08  Extractor  
  17  1:12  Spawning Pool  
  17  1:16  Drone  
  17  1:19  Drone  
  18  1:26  Drone  
  19  1:38  Drone  
  20  1:50  Drone  
  21  1:58  Queen x2  
  21  1:59  Zergling x2  
  26  2:01  Drone  
  27  2:09  Drone, Overlord  
  27  2:14  Metabolic Boost  
  28  2:27  Drone  
  29  2:30  Drone  
  29  2:33  Hatchery  
  29  2:36  Drone  
  30  2:40  Drone  
  31  2:46  Queen  
  31  2:50  Overlord  
  33  2:53  Drone  
  33  2:56  Drone  
  33  2:58  Drone  
  36  3:05  Overlord  
  36  3:09  Drone x4  
  36  3:11  Drone  
  41  3:14  Drone  
  41  3:16  Drone  
  41  3:18  Drone  
  44  3:27  Spore Crawler  
  44  3:28  Drone  
  44  3:30  Spore Crawler  
  44  3:31  Overlord  
  44  3:32  Drone  
  44  3:38  Drone  
  44  3:40  Drone x3  
  48  3:42  Drone x3  
  48  3:43  Drone  
  52  3:49  Overlord  
  52  3:54  Drone x2  
  54  3:58  Drone  
  55  4:06  Zergling x4  
  55  4:07  Spore Crawler, Lair  
  55  4:09  Zergling x2  
  57  4:10  Overlord  
  57  4:11  Zergling x2  
  57  4:13  Zergling x2  
  57  4:14  Zergling x4  
  57  4:17  Zergling x2  
  62  4:18  Zergling x2  
  62  4:20  Zergling x4  
  62  4:23  Extractor  
  64  4:25  Extractor  
  64  4:26  Overlord  
  64  4:28  Zergling x2  
  64  4:29  Zergling x6  
  67  4:35  Drone x2  
  69  4:41  Drone  
  69  4:44  Drone x4  
  74  4:47  Overlord  
  74  4:48  Drone x3  
  76  4:56  Drone x2  
  76  4:58  Extractor  
  76  4:59  Drone  
  76  5:01  Drone x3, Extractor  
  75  5:07  Drone x2  
  75  5:08  Hydralisk Den  
  75  5:10  Extractor  
  75  5:13  Drone x5  
  79  5:18  Drone x2  
  79  5:19  Drone, Overlord  
  82  5:23  Nydus Network  
  82  5:25  Overseer  
  82  5:27  Zergling x2  
  82  5:29  Overlord x2  
  82  5:37  Overlord x2  
  82  5:38  Grooved Spines  
  81  5:42  Hydralisk  
  81  5:43  Hydralisk x3  
  81  5:46  Hydralisk x2  
  93  5:52  Hydralisk x2  
  93  5:56  Hydralisk x2  
  101  6:01  Nydus Canal  
  101  6:03  Hydralisk  
  103  6:04  Zergling x10  
  103  6:09  Zergling x6  
  111  6:14  Overlord  
  111  6:19  Hydralisk x2  
  111  6:24  Nydus Canal  
  115  6:26  Hydralisk x3  
Show
View Real Time Build Order
Export as new Build Order

Jumy Protoss 

Build Orders: 1 Gate Expand, Oracle Opening 

Get SALT Encoding   

  12  0:00  Probe  
  13  0:12  Probe  
  14  0:20  Pylon  
  14  0:24  Probe  
  15  0:36  Assimilator  
  15  0:38  Probe  
  16  0:46  Probe  
  16  0:48  Gateway  
  16  0:54  Probe  
  18  1:04  Probe  
  19  1:16  Probe  
  20  1:25  Nexus  
  20  1:36  Cybernetics Core  
  20  1:39  Probe  
  21  1:46  Assimilator  
  21  1:51  Probe  
  21  1:53  Pylon  
  22  2:03  Probe  
  23  2:15  Probe  
  24  2:17  Adept  
  24  2:18  Warp Gate  
  24  2:22  Stargate  
  26  2:28  Probe  
  27  2:34  Probe  
  27  2:36  Probe  
  27  2:42  Probe  
  27  2:44  Stalker, Probe  
  33  2:52  Probe  
  33  2:54  Probe  
  35  3:01  Probe  
  36  3:06  Oracle, Probe  
  36  3:09  Gateway, Probe  
  40  3:17  Pylon  
  40  3:18  Probe  
  42  3:22  Adept, Probe  
  45  3:31  Probe  
  46  3:35  Probe  
  47  3:43  Probe  
  48  3:49  Nexus  
  48  3:50  Probe  
  48  3:53  Shield Battery  
  49  3:59  Probe, Pylon  
  50  4:03  Oracle, Probe  
  54  4:15  Assimilator x2  
  54  4:17  Probe  
  55  4:20  Forge, Twilight Council  
  55  4:23  Probe  
  56  4:24  Pylon  
  56  4:29  Probe  
  57  4:35  Robotics Facility, Probe  
  58  4:41  Probe  
  59  4:47  Probe  
  59  4:49  Stalker  
  59  4:52  Pylon  
  62  4:53  Probe  
  62  4:57  Zealot  
  62  4:59  Probe  
  66  5:03  Probe  
  66  5:04  Shield Battery  
  66  5:05  Probe  
  68  5:07  Probe  
  68  5:11  Probe  
  69  5:15  Probe  
  69  5:17  Probe  
  69  5:19  Gateway, Probe  
  69  5:20  Gateway  
  72  5:25  Robotics Bay  
  72  5:26  Probe  
  74  5:29  Probe  
  74  5:32  Robotics Facility  
  74  5:33  Probe  
  74  5:34  Immortal  
  76  5:41  Probe  
  81  5:45  Pylon  
  81  5:48  Stalker  
  81  5:49  Probe  
  84  5:57  Gateway  
  84  5:58  Gateway  
  84  6:01  Assimilator x2  
  84  6:02  Probe  
  84  6:04  Probe  
  86  6:05  Probe  
  86  6:08  Observer  
  86  6:10  Stalker  
  89  6:14  Probe  
  91  6:19  Stalker x2  
  95  6:30  Pylon x2  
  98  6:35  Pylon  
Tags
 
Add a new tag
Caveats
  • Supply blocks, unpowered buildings, or Contaminate may cause inaccurate times.
  • Supply counts are checked every 10 seconds.